 Dungeon Crawl Stone Soup version 0.31-a0-986-g5e6e4ef867 (webtiles) character file.

Game seed: 18376303180950036352

1 Dadgum123 the Charlatan (level 1, -1/15 HPs)
             Began as a Human Artificer on Nov 20, 2023.
             Slain by a jackal (2 damage)
             ... on level 1 of the Dungeon.
             The game lasted 00:00:59 (66 turns).

Dadgum123 the Charlatan (Human Artificer)             Turns: 66, Time: 00:01:00

Health: -1/15      AC:  3    Str: 12    XL:     1   Next: 22%
Magic:  1/1        EV: 11    Int: 11    God:
Gold:   11         SH:  0    Dex: 13    Spells: 0/0 levels left

rFire   . . .        a - +0 club
rCold   . . .        (no shield)
rNeg    . . .        b - +0 leather armour
rPois   .            (no helmet)
rElec   .            (no cloak)
rCorr   .            (no gloves)
SInv    .            (no boots)
Will    .....        (no amulet)
Stlth   +            (no ring)
HPRegen 0.22/turn    (no ring)
MPRegen 0.07/turn

%: no passive effects
@: no status effects
A: no striking features
a: no special abilities


You were on level 1 of the Dungeon.
You visited 1 branch of the dungeon, and saw 1 of its levels.

You collected 11 gold pieces.

Inventory:

Hand Weapons
 a - a +0 club (weapon)
Armour
 b - a +0 leather armour (worn)
Wands
 c - a wand of flame (15) (quivered)
 d - a wand of charming (15)
 e - a wand of iceblast (5)
Potions
 f - a potion of enlightenment {unknown}
 g - a potion of brilliance {unknown}


   Skills:
 + Level 1.0 Fighting
 + Level 2.0 Armour
 + Level 1.0 Dodging
 + Level 1.0 Stealth
 + Level 3.1 Evocations


You couldn't memorise any spells.
You didn't know any spells.
Your spell library was empty.

Dungeon Overview and Level Annotations

Branches:
Dungeon (1/15)

Altars:


Message History

The jackal barely misses you.
You hit the giant cockroach but do no damage.
The giant cockroach closely misses you. The jackal bites you.
The goblin barely misses you. The kobold closely misses you.
The giant cockroach closely misses you. The jackal closely misses you.
The goblin barely misses you. The kobold hits you with a +0 dagger.
You closely miss the giant cockroach. The jackal barely misses you.
The giant cockroach closely misses you. The kobold barely misses you.
The goblin hits you with a +0 dagger.
You hit the giant cockroach but do no damage.
The jackal bites you but does no damage.
The giant cockroach bites you but does no damage.
The kobold misses you. The jackal bites you.
* * * LOW HITPOINT WARNING * * *
The goblin hits you with a +0 dagger.
* * * LOW HITPOINT WARNING * * *
The giant cockroach closely misses you.
Found a leather armour.
The jackal barely misses you. The goblin attacks as it pursues you!
The goblin hits you but does no damage. The giant cockroach closely misses you.
The jackal barely misses you. The kobold attacks as it pursues you!
The kobold hits you but does no damage. The goblin attacks as it pursues you!
The goblin hits you but does no damage. The giant cockroach closely misses you.
Found a stone staircase leading down.
The giant cockroach attacks as it pursues you!
The giant cockroach bites you.
* * * LOW HITPOINT WARNING * * *
The giant cockroach bites you.
* * * LOW HITPOINT WARNING * * *
Found a club.
The kobold attacks as it pursues you! The kobold completely misses you.
The kobold attacks as it pursues you! The kobold hits you with a +0 dagger.
* * * LOW HITPOINT WARNING * * *
The kobold hits you but does no damage. The jackal barely misses you.
You see here a +0 leather armour.
The jackal attacks as it pursues you! The jackal bites you.
* * * LOW HITPOINT WARNING * * *
The jackal attacks as it pursues you! The jackal closely misses you.
The kobold barely misses you. The jackal bites you.
You die...

##### #.).# #.#.#
#.#@#+##### #hKh......#
##############.[B......#
........†.....g........#
.##....................#
.......................#
.#....########.#.#.#####
#..#. ...>#.# #..#.
####.#.#


You could see 2 jackals, a giant cockroach, a goblin and a kobold.

Vanquished Creatures
  A hobgoblin (D:1)
1 creature vanquished.

Notes
Turn   | Place    | Note
-------+----------+-------------------------------------------
     0 | D:1      | Dadgum123 the Human Artificer began the quest for the Orb.
     0 | D:1      | Reached XP level 1. HP: 15/15 MP: 1/1
    66 | D:1      | Slain by a jackal

Illustrated notes

Levels and vault maps discovered:
D:1:      dpeg_arrival_lava_temple_mockup, layout_basic,
          ebering_ecumenical_altar_hall

Action                     || total
---------------------------++-------
  Melee: Club              ||     9
 Armour: Leather armour    ||    25
  Dodge: Dodged            ||    32

Table legend: (Time is in decaauts)
 A = Elapsed time spent in this place.
 B = Non-inter-level travel time spent in this place.
 C = Inter-level travel time spent in this place.
 D = Time resting spent in this place.
 E = Time spent auto-exploring this place.
 F = Levels seen in this place.
 G = Mean time per level.
                   A        B        C        D        E       F      G
               +--------+--------+--------+--------+--------+-----+--------+
         Total |     68 |     26 |     42 |      0 |      0 |   1 |   68.0 |
       Dungeon |     68 |     26 |     42 |      0 |      0 |   1 |   68.0 |
               +--------+--------+--------+--------+--------+-----+--------+

Top non-repeatable levels by time:
     D:1: 68 daAuts
